 Dungeon Crawl Stone Soup version 0.29-a0-397-g846e4a0bbc (webtiles) character file.

Game seed: 1253755371749537982

140710 trckry the Convoker (level 17, -3/133 HPs)
             Began as a Barachi Summoner on May 11, 2022.
             Was the Champion of Nemelex Xobeh.
             Slain by a tarantella (13 damage)
             ... summoned by a broodmother
             ... on level 3 of the Lair of Beasts on May 12, 2022.
             The game lasted 03:10:28 (32242 turns).

trckry the Convoker (Barachi Summoner)             Turns: 32242, Time: 03:10:29

Health: -3/133     AC: 13    Str: 11    XL:     17   Next: 31%
Magic:  1/31       EV: 13    Int: 27    God:    Nemelex Xobeh [******]
Gold:   2744       SH:  0    Dex:  8    Spells: 23/36 levels left

rFire   + . .      SeeInvis .   L - +2 demon whip (venom)
rCold   + + +      Faith    .   (no shield)
rNeg    + . .      Spirit   .   t - +3 leather armour {rF+}
rPois   +          Reflect  .   D - +0 helmet
rElec   .          Harm     .   k - +0 cloak
rCorr   .          Rampage  .   B - +0 pair of gloves
Will    ++...                   r - +0 pair of boots
Stlth   +.........              s - amulet of regeneration
HPRegen 1.12/turn               c - ring of Qidaanus {rPois rN+ Str+6 Int+4}
MPRegen 0.22/turn               W - ring "Tuageph" {rC+++ Will+ Str-5 Dex-5 Slay+5}

@: swift, unable to hop, quick
A: amphibious, slowness 1, strong legs 2, +LOS
a: Hop, Renounce Religion, Draw Escape, Draw Destruction, Draw Summoning, Triple
Draw, Deal Four, Stack Five


You were on level 3 of the Lair of Beasts.
You worshipped Nemelex Xobeh.
Nemelex Xobeh was exalted by your worship.
You visited 6 branches of the dungeon, and saw 26 of its levels.
You also visited: Volcano.

You collected 3074 gold pieces.
You spent 330 gold pieces at shops.

Inventory:

Hand Weapons
 J - a +2 whip of electrocution
 L - a +2 demon whip of venom (weapon)
Missiles
 l - 2 throwing nets
 I - 4 curare-tipped darts (quivered)
Armour
 a - a +2 robe of willpower
 k - a +0 cloak (worn)
 r - a +0 pair of boots (worn)
 t - a +3 leather armour of fire resistance (worn)
 B - a +0 pair of gloves (worn)
 D - a +0 helmet (worn)
 V - a +0 troll leather armour
Jewellery
 c - the ring of Qidaanus (left hand) {rPois rN+ Str+6 Int+4}
   (You acquired it on level 14 of the Dungeon)

   [ring of strength]

   Str:       It affects your strength (+6).
   Int:       It affects your intelligence (+4).
   rPois:     It protects you from poison.
   rN:        It protects you from negative energy.
 q - a ring of fire
 s - an amulet of regeneration (around neck)
 w - a +4 ring of protection
 K - a ring of protection from fire
 T - a ring of resist corrosion
 W - the ring "Tuageph" (right hand) {rC+++ Will+ Str-5 Dex-5 Slay+5}
   (You found it on level 11 of the Dungeon)

   [ring of willpower]

   Str:       It affects your strength (-5).
   Dex:       It affects your dexterity (-5).
   Slay:      It affects your accuracy & damage with ranged weapons and melee
   (+5).
   rC:        It renders you almost immune to cold.
   Will:      It increases your willpower.
 Y - a ring of see invisible
Wands
 C - a wand of paralysis (12)
 E - a wand of charming (4)
 M - a wand of iceblast (23)
 N - a wand of flame (32)
 R - a wand of mindburst (14)
 U - a wand of acid (5)
Scrolls
 d - 6 scrolls of poison
 e - 15 scrolls of identify
 h - 7 scrolls of magic mapping
 j - 3 scrolls of amnesia
 m - 3 scrolls of fear
 n - 4 scrolls of immolation
 o - 15 scrolls of teleportation
 p - a scroll of vulnerability
 v - a scroll of fog
 y - 2 scrolls of brand weapon
 H - 2 scrolls of enchant weapon
 P - 5 scrolls of enchant armour
Potions
 b - 2 potions of magic
 g - 3 potions of brilliance
 i - a potion of resistance
 x - 6 potions of lignification
 z - 5 potions of cancellation
 A - 3 potions of haste
 G - a potion of might
 Q - 3 potions of mutation
 X - 2 potions of flight
Miscellaneous
 f - a lightning rod (4/4)
 Z - a phial of floods


   Skills:
 + Level 11.8 Fighting
 + Level 9.7 Armour
 + Level 9.0 Dodging
 - Level 1.7 Stealth
 + Level 10.0 Spellcasting
 * Level 18.6 Summonings
 - Level 4.0 Translocations
 - Level 9.0 Air Magic
 * Level 13.2 Invocations
 + Level 10.5 Evocations


You had 23 spell levels left.
You knew the following spells:

 Your Spells              Type           Power      Damage    Failure   Level
a - Apportation           Tloc           70%        N/A       1%          1
b - Swiftness             Air            58%        N/A       1%          3
c - Call Canine Familiar  Summ           85%        N/A       0%          3
d - Summon Lightning Spi  Summ/Air       73%        N/A       1%          4
e - Blink                 Tloc           70%        N/A       1%          2

Your spell library contained the following spells:

 Spells                   Type           Power      Damage    Failure   Level
 Summon Small Mammal      Summ           100%       N/A       0%          1
 Call Imp                 Summ           85%        N/A       0%          2
 Shock                    Conj/Air       100%       1d9       1%          1
 Summon Guardian Golem    Hex/Summ       59%        N/A       1%          3
 Airstrike                Air            29%        N/A       1%          4
 Lesser Beckoning         Tloc           35%        N/A       3%          3
 Animate Skeleton         Necr           26%        N/A       5%          1
 Magic Dart               Conj           52%        1d5       5%          1
 Pain                     Necr           52%        1d6       5%          1
 Sandblast                Erth           26%        2d8       5%          1
 Searing Ray              Conj           26%        2d5       8%          2
 Manifold Assault         Tloc           35%        N/A       28%         5
 Fulminant Prism          Conj/Hex       6%         3d7       45%         4
 Petrify                  Tmut/Erth      13%        N/A       45%         4
 Agony                    Necr           13%        N/A       82%         5
 Excruciating Wounds      Necr           6%         N/A       82%         5
 Metabolic Englaciation   Hex/Ice        6%         N/A       82%         5
 Statue Form              Tmut/Erth      8%         N/A       100%        6


Dungeon Overview and Level Annotations

Branches:
Dungeon (15/15)            Temple (1/1) D:4            Lair (6/6) D:8
  Swamp (1/4) Lair:3        Snake (1/4) Lair:3        Slime (0/5) Lair:6
    Orc (2/2) D:12            Elf (0/3) Orc:2        Vaults (0/5) D:14
 Depths (0/4) D:15        Volcano (visited)

Altars:
Ashenzari
Cheibriados
Dithmenos
Elyvilon
Fedhas
Gozag
Hepliaklqana
Kikubaaqudgha
Makhleb
Nemelex Xobeh
Okawaru
Qazlal
Ru
Sif Muna
Trog
Uskayaw
Vehumet
Wu Jian
Xom
Yredelemnul
Zin
The Shining One
Lugonu

Shops:
D:4 *   Orc:2 ![[(   Snake:1 *=:[

Portals:
Abyss: Lair:6

Annotations:
D:13 3 runed translucent doors, Nialiw's ghost, journeyman GnHu; Yteof's ghost, journeyman DECj
Snake:1 Aizul


Innate Abilities, Weirdness & Mutations

You are amphibious.
You cover ground slowly.
You can hop long distances.
You have an extended range of vision and can be seen from far away.


Message History

You take 24 damage, and have 8/133 hp.
Okay, then.
Unknown command.
Casting: Summon Lightning Spire (safe; 1% risk of failure)
Confirm with . or Enter, or press ? or * to list all spells.
You feel quick. The jumping spider pounces on you.
* * * LOW HITPOINT WARNING * * *
The jumping spider misses you. The tarantella barely misses you.
The tarantella is healed somewhat.
The merfolk barely misses you.
The jumping spider leaps!
The redback bites your lightning spire!
You now have 0/31 mp.
Casting: Swiftness (safe; 1% risk of failure)
Confirm with . or Enter, or press ? or * to list all spells.
You don't have enough magic to cast this spell.
You feel better.
The jumping spider pounces on you but does no damage.
The jumping spider barely misses you. The tarantella touches you.
* * * LOW HITPOINT WARNING * * *
You are confused.
The tarantella's wounds heal themselves!
The redback bites your lightning spire!
The merfolk hits you but does no damage.
The jumping spider pounces on you!
* * * LOW HITPOINT WARNING * * *
The jumping spider completely misses you.
Your lightning spire shoots out a bolt of lightning at the redback!
The bolt of electricity hits the redback! x2
The redback dies!
The redback's corpse disappears in a puff of smoke!
The bolt of electricity hits your lightning spire.
Your lightning spire completely resists.
The culicivora bites you but does no damage.
The tarantella touches your lightning spire!
You take 6 damage, and have 2/133 hp.
You feel better.
The jumping spider leaps!
The jumping spider pounces on you but does no damage.
The jumping spider bites you but does no damage.
The tarantella touches you!
You die...
Your body glows with a rainbow of weird colours and disappears.

#.###....#.###........#..≈≈≈..≈≈≈
..# ##....## ##...>.......≈≈≈≈≈≈≈
#.## #...## #.............≈≈≈≈≈.
#..###...### #...............≈.#.
#..#.##..#.# #.°...............##
#.........####..#...♣♣♣......##..
#.#.......# #P...[.♣♣♣≈....#.....
...÷.##...# ##.ss#≈♣§≈≈....##.###
....###..## #.Js@♣≈§≈≈≈♣#..####
#...# #...# #.sm8#≈≈§§≈≈P.##
#.P.# #.(.###.°#.s≈§§§§≈≈.P#### #
..#.###..........♣§§§§≈≈...##.###
....#.#...........§§≈§≈♣..###....
#.#..#...########.♣♣≈§≈§......##.
#...###...# ##.♣≈♣...#..#####
#........## ###♣♣≈..###..#..##
#P#...#.########.##..............


You could see a broodmother (misshapen), an azure jelly (distracted, misshapen,
ally target), a merfolk (misshapen), a culicivora (summoned), a jumping spider
(summoned), 2 tarantellas and a friendly lightning spire (summoned).

Vanquished Creatures
  2 hydras
  A vault guard (D:14)
  3 boulder beetles
  A centaur warrior (D:14)
  A two-headed ogre (D:13)
  A dancing weapon (Volcano)
  2 death yaks
  3 thrashing horrors (Lair:6)
  A shock serpent (Snake:1)
  An orc knight (D:15)
  A lindwurm (D:14)
  3 orc sorcerers
  An ugly thing (D:15)
  A mana viper (Snake:1)
  4 elephants (Lair:6)
  A smoke demon (Lair:6)
  A toenail golem (Volcano)
  A water nymph (D:14)
  4 cane toads
  A rime drake (Lair:6)
  2 kobold demonologists (D:12)
  2 komodo dragons
  4 trolls
  2 polar bears (Lair:5)
  A slime creature (D:12)
  4 blink frogs
  A dream sheep (shapeshifter) (Lair:6)
  A ynoxinul (Lair:6)
  4 wyverns
  A centaur simulacrum (D:14)
  10 yaks
  2 wraiths
  A basilisk (Lair:2)
  A small abomination (Lair:6)
  3 vampire mosquitoes
  8 water moccasins
  An orc warrior (Orc:2)
  A black bear (Lair:4)
  A black bear (shapeshifter) (Lair:6)
  5 wolves
  7 bullfrogs
  An electric eel (Lair:2)
  3 orc priests
  6 orcs
106 creatures vanquished.

Vanquished Creatures (collateral kills)
  The ghost of Denysae the Thrower, a journeyman OgAr of Ashenzari (Lair:5)
  An orc warlord (Orc:1)
  A dire elephant (D:15)
  Josephine (D:11)
  An ettin (Orc:1)
  A fire dragon (D:14)
  A vault guard (D:14)
  4 boulder beetles
  A great orb of eyes (D:12)
  10 hydras
  An anaconda (Snake:1)
  15 death yaks
  A death knight (D:14)
  3 centaur warriors
  A deep troll earth mage (D:12)
  3 tengu warriors
  A thrashing horror (Lair:6)
  A two-headed ogre (D:12)
  Urug (Lair:4)
  3 orc high priests (Orc:2)
  Amaemon (D:8)
  A skeletal warrior (D:14)
  Lodul (D:13)
  A naga ritualist (Snake:1)
  5 wizards
  6 orc knights
  An orc sorcerer (Orc:2)
  2 deep elf pyromancers
  2 wolf spiders (Lair:2)
  2 mana vipers
  12 ugly things
  13 cyclopes
  4 manticores
  A salamander (D:15)
  4 toenail golems (Volcano)
  5 elephants (Lair:6)
  7 black mambas
  2 gargoyles
  A smoke demon (Lair:6)
  An orange demon (D:8)
  3 unseen horrors
  11 cane toads
  4 rime drakes
  An efreet (D:15)
  3 komodo dragons
  A freezing wraith (D:14)
  2 kobold demonologists (D:12)
  2 trolls
  A tengu conjurer (D:12)
  An ancient zyme (Lair:6)
  3 meliai (D:14)
  13 blink frogs
  A raiju (shapeshifter) (D:13)
  4 slime creatures (D:12)
  Sigmund (D:4)
  4 wyverns
  3 vampires (D:12)
  Grum (Lair:1)
  8 wraiths
  3 fire bats (Lair:2)
  3 basilisks (Lair:6)
  34 yaks
  12 vampire mosquitoes
  A redback (D:14)
  Edmund (D:6)
  A chaos spawn (Lair:6)
  2 wargs (Orc:1)
  4 nagas
  5 acid dragons
  8 water moccasins
  18 orc warriors
  2 sky beasts
  A large abomination (Lair:6)
  2 black bears
  An ice beast (D:6)
  11 ogres
  A tengu (shapeshifter) (D:10)
  8 wolves
  11 centaurs
  2 phantoms (D:5)
  5 kobold brigands
  A gnoll sergeant (D:8)
  2 necrophages
  15 bullfrogs
  3 scorpions
  10 small abominations (Lair:6)
  12 killer bees
  A howler monkey (D:6)
  2 electric eels (Lair:2)
  2 gnoll shamans
  6 hounds
  13 orc priests
  2 jellies
  Natasha (thrice) (D:4)
  An iguana (D:4)
  23 orc wizards
  13 gnolls
  5 adders
  A shadow imp (D:6)
  2 white imps
  An ufetubus (D:3)
  2 dart slugs (D:2)
  82 orcs
  7 ball pythons
  7 endoplasms
  3 giant cockroaches
  6 goblins
  6 hobgoblins
  8 jackals
  30 kobolds
  3 quokkas
  7 bats
  2 frilled lizards (D:1)
  6 rats
614 creatures vanquished.

Vanquished Creatures (others)
  A wizard (Volcano)
  An orc wizard (Orc:2)
  2 foxfires (Swamp:1)
  38 fungi
  53 plants
  6 withered plants (D:13)
101 creatures vanquished.

Grand Total: 821 creatures vanquished

Notes
Turn   | Place    | Note
-------+----------+-------------------------------------------
     0 | D:1      | trckry the Barachi Summoner began the quest for the Orb.
     0 | D:1      | Reached XP level 1. HP: 13/13 MP: 3/3
   138 | D:1      | Reached skill level 5 in Summonings
   561 | D:1      | Reached XP level 2. HP: 15/19 MP: 3/5
   564 | D:1      | Learned a level 2 spell: Call Imp
  1283 | D:1      | Reached XP level 3. HP: 24/24 MP: 7/7
  1674 | D:1      | Learned a level 3 spell: Call Canine Familiar
  2101 | D:2      | Reached skill level 6 in Summonings
  2112 | D:2      | Reached XP level 4. HP: 30/30 MP: 8/8
  2515 | D:3      | Found a faded altar of an unknown god.
  2872 | D:3      | Noticed an ogre
  2884 | D:3      | Killed an ogre
  2885 | D:3      | Reached skill level 7 in Summonings
  2885 | D:3      | Reached XP level 5. HP: 18/35 MP: 1/10
  3498 | D:4      | Reached XP level 6. HP: 32/41 MP: 6/11
  3554 | D:3      | HP: 4/41 [ufetubus (3)]
  3555 | D:3      | HP: 1/41 [ufetubus (3)]
  3913 | D:4      | Reached skill level 8 in Summonings
  4275 | D:4      | Reached XP level 7. HP: 46/46 MP: 10/13
  4309 | D:4      | Found a staircase to the Ecumenical Temple.
  4329 | Temple   | Entered the Ecumenical Temple
  4643 | Temple   | Became a worshipper of Nemelex Xobeh the Trickster
  4840 | D:4      | Noticed Sigmund
  4851 | D:4      | Killed Sigmund
  4852 | D:4      | Reached skill level 9 in Summonings
  4852 | D:4      | Reached skill level 1 in Invocations
  4884 | D:4      | Reached skill level 5 in Spellcasting
  4917 | D:4      | Found Mezot's Elemental Accessories.
  4931 | D:4      | Noticed Natasha
  4940 | D:4      | HP: 6/46 [poisoned by an orc]
  4948 | D:4      | Killed Natasha
  4949 | D:4      | Reached XP level 8. HP: 19/52 MP: 8/15
  5210 | D:4      | Noticed Natasha
  5214 | D:4      | Killed Natasha
  5286 | D:4      | Noticed Natasha
  5295 | D:4      | Killed Natasha
  5341 | D:4      | Learned a level 4 spell: Summon Lightning Spire
  5365 | D:5      | Entered Level 5 of the Dungeon
  5373 | D:5      | Reached skill level 10 in Summonings
  5441 | D:5      | Reached skill level 1 in Fighting
  5441 | D:5      | Reached skill level 1 in Armour
  6486 | D:6      | Reached skill level 1 in Evocations
  6515 | D:6      | Reached * piety under Nemelex Xobeh
  6588 | D:6      | Reached XP level 9. HP: 62/62 MP: 12/16
  7135 | D:6      | Received a gift from Nemelex Xobeh
  7275 | D:6      | Noticed Edmund
  7307 | D:6      | Killed Edmund
  7308 | D:6      | Reached skill level 11 in Summonings
  7925 | D:7      | Found a shimmering blue altar of Sif Muna.
  7980 | D:7      | Learned a level 1 spell: Apportation
  7989 | D:7      | Got Sif Muna's Disquisition on Earth
  8186 | D:7      | Reached ** piety under Nemelex Xobeh
  8307 | D:7      | Found a glowing golden altar of the Shining One.
  8455 | D:8      | Noticed an orange demon
  8466 | D:8      | Killed an orange demon
  8467 | D:8      | Reached skill level 5 in Invocations
  8735 | D:8      | Noticed Amaemon
  8993 | D:8      | Reached XP level 10. HP: 57/72 MP: 3/17
  9134 | D:8      | Killed Amaemon
  9179 | D:8      | Reached skill level 12 in Summonings
  9475 | D:8      | Found a staircase to the Lair.
  9611 | D:8      | Reached skill level 5 in Dodging
  9873 | D:9      | Received a gift from Nemelex Xobeh
 10367 | D:9      | Reached skill level 5 in Armour
 10523 | D:9      | Reached skill level 5 in Fighting
 10896 | D:10     | Entered Level 10 of the Dungeon
 10964 | D:10     | Noticed a wizard
 10975 | D:10     | Killed a wizard
 11047 | D:10     | Received a gift from Nemelex Xobeh
 11101 | D:10     | Reached *** piety under Nemelex Xobeh
 11528 | D:10     | Noticed a manticore
 11548 | D:10     | Killed a manticore
 11705 | D:10     | Noticed a gargoyle
 11729 | D:10     | Killed a gargoyle
 11837 | D:10     | Reached XP level 11. HP: 80/80 MP: 19/19
 11909 | D:10     | Learned a level 3 spell: Swiftness
 11958 | D:11     | Noticed a cyclops
 11970 | D:11     | Killed a cyclops
 11971 | D:11     | Reached skill level 13 in Summonings
 12038 | D:11     | Reached skill level 5 in Evocations
 12104 | D:11     | Reached skill level 1 in Translocations
 12104 | D:11     | Reached skill level 1 in Air Magic
 12380 | D:11     | Noticed a red ugly thing
 12417 | D:11     | Killed a red ugly thing
 12588 | D:11     | Identified the ring "Tuageph" {rC+++ Will+ Str-5 Dex-5
                  | Slay+5}
 12776 | D:11     | Noticed a red ugly thing
 12788 | D:11     | Killed a red ugly thing
 12940 | D:11     | Noticed Josephine
 12992 | D:11     | Killed Josephine
 13149 | D:11     | Noticed a four-headed hydra
 13168 | D:11     | Killed a four-headed hydra
 13637 | D:12     | Found a staircase to the Orcish Mines.
 14025 | D:12     | Noticed a manticore
 14036 | D:12     | Killed a manticore
 14037 | D:12     | Reached XP level 12. HP: 84/89 MP: 11/21
 14111 | D:12     | Reached skill level 14 in Summonings
 14117 | D:12     | Noticed a two-headed ogre
 14682 | D:12     | Killed a two-headed ogre
 14691 | D:12     | Noticed a boulder beetle
 14717 | D:12     | Killed a boulder beetle
 14846 | D:12     | Noticed a great orb of eyes
 14862 | D:12     | Killed a great orb of eyes
 15009 | D:12     | Noticed an eight-headed hydra
 15017 | D:12     | Noticed a centaur warrior
 15037 | D:12     | Killed an eight-headed hydra
 15037 | D:12     | HP: 9/91 [centaur warrior/arrow (15)]
 15038 | D:12     | a centaur warrior changed into a cyclops
 16064 | D:12     | Noticed a deep troll earth mage
 16144 | D:12     | Killed a deep troll earth mage
 16166 | D:12     | Reached skill level 15 in Summonings
 16337 | D:12     | Noticed a tengu warrior
 16359 | D:12     | Gained mutation: You can hop long distances. [Barachi
                  | growth]
 16359 | D:12     | Reached XP level 13. HP: 58/98 MP: 8/23
 16376 | D:12     | Reached skill level 5 in Air Magic
 16509 | Orc:1    | Entered Level 1 of the Orcish Mines
 16509 | Orc:1    | Received a gift from Nemelex Xobeh
 16625 | Orc:1    | Found a radiant altar of Vehumet.
 16704 | Orc:2    | Entered Level 2 of the Orcish Mines
 17120 | Orc:2    | Found a staircase to the Elven Halls.
 17330 | Orc:2    | Noticed an orc warlord
 17531 | Orc:1    | Killed an orc warlord
 17532 | Orc:1    | Reached skill level 10 in Invocations
 17639 | Orc:2    | Reached **** piety under Nemelex Xobeh
 17921 | Orc:2    | Found Bav Vure's Armour Emporium.
 17921 | Orc:2    | Found Fohugiaq's Distillery.
 17923 | Orc:2    | Found Rykhoewn's Antique Weapon Emporium.
 17923 | Orc:2    | Found Pubususs's Antique Armour Boutique.
 17935 | Orc:2    | Bought a potion of curing for 45 gold pieces
 17935 | Orc:2    | Bought a potion of curing for 45 gold pieces
 17935 | Orc:2    | Bought a potion of heal wounds for 75 gold pieces
 17935 | Orc:2    | Bought a potion of curing for 45 gold pieces
 17935 | Orc:2    | Bought a potion of curing for 45 gold pieces
 17935 | Orc:2    | Bought a potion of heal wounds for 75 gold pieces
 18316 | Orc:1    | Noticed an ettin
 18349 | Orc:1    | Killed an ettin
 18605 | Lair:1   | Entered Level 1 of the Lair of Beasts
 18605 | Lair:1   | Received a gift from Nemelex Xobeh
 18610 | Lair:1   | Noticed Grum
 18767 | Lair:1   | Killed Grum
 18921 | Lair:1   | Received a gift from Nemelex Xobeh
 19484 | Lair:1   | Reached ***** piety under Nemelex Xobeh
 19640 | Lair:2   | Reached skill level 16 in Summonings
 19790 | Lair:2   | Found a dark tunnel.
 19805 | Volcano  | Entered a volcano
 19836 | Volcano  | Reached XP level 14. HP: 84/108 MP: 15/26
 20072 | Volcano  | HP: 14/108 [+1 mace of flaming (10)]
 20209 | Volcano  | Reached XP level 15. HP: 115/115 MP: 27/27
 20427 | Lair:2   | Received a gift from Nemelex Xobeh
 21350 | Lair:3   | Found a staircase to the Snake Pit.
 21386 | Lair:3   | Found a staircase to the Swamp.
 21396 | Lair:3   | Reached skill level 10 in Fighting
 21538 | Lair:3   | Received a gift from Nemelex Xobeh
 22329 | Lair:4   | Noticed Urug
 22348 | Lair:4   | Killed Urug
 22998 | Lair:4   | Received a gift from Nemelex Xobeh
 23576 | Lair:5   | Received a gift from Nemelex Xobeh
 23812 | Lair:5   | Reached ****** piety under Nemelex Xobeh
 23883 | Lair:5   | Reached skill level 17 in Summonings
 23966 | Lair:5   | Received a gift from Nemelex Xobeh
 23982 | Lair:5   | Found a runed translucent gate.
 23982 | Lair:5   | Noticed Denysae's ghost (journeyman OgAr)
 23983 | Lair:5   | Found a runed translucent gate.
 24053 | Lair:5   | Found a runed translucent gate.
 24407 | Lair:5   | Killed Denysae's ghost
 24481 | Lair:6   | Entered Level 6 of the Lair of Beasts
 24675 | Lair:6   | Reached XP level 16. HP: 124/124 MP: 21/29
 24806 | Lair:6   | Received a gift from Nemelex Xobeh
 25301 | Lair:6   | Received a gift from Nemelex Xobeh
 25778 | Lair:6   | Found a staircase to the Slime Pits.
 26847 | Lair:6   | Found a corrupted altar of Lugonu.
 26847 | Lair:6   | Found a one-way gate to the infinite horrors of the Abyss.
 27301 | D:13     | Noticed Lodul
 27309 | D:13     | Killed Lodul
 27421 | D:13     | Received a gift from Nemelex Xobeh
 27761 | D:13     | Identified the +9 trident of Jukhyin {vorpal, Dex+2}
 27888 | D:13     | Found a runed translucent gate.
 27889 | D:13     | Found a runed translucent gate.
 27891 | D:13     | Found a runed translucent gate.
 27896 | D:13     | Noticed Yteof's ghost (journeyman DECj)
 27896 | D:13     | Noticed Nialiw's ghost (journeyman GnHu)
 27898 | D:13     | Received a gift from Nemelex Xobeh
 28607 | D:14     | Found a gate to the Vaults.
 28628 | D:14     | Reached skill level 18 in Summonings
 28628 | D:14     | Reached skill level 10 in Evocations
 29129 | D:14     | Identified a scroll of acquirement
 29129 | D:14     | Acquired the ring of Qidaanus {rPois rN+ Str+6 Int+4}
 30144 | D:15     | Entered Level 15 of the Dungeon
 30335 | D:15     | Identified the +1 long sword of Evisceration {flame, rPois
                  | Will+ SInv}
 30338 | D:15     | Reached XP level 17. HP: 23/131 MP: 21/30
 30466 | D:15     | Received a gift from Nemelex Xobeh
 30532 | D:15     | Learned a level 2 spell: Blink
 30873 | D:15     | Received a gift from Nemelex Xobeh
 31296 | D:15     | Reached skill level 10 in Spellcasting
 31503 | D:15     | Found a staircase to the Depths.
 31769 | Snake:1  | Entered Level 1 of the Snake Pit
 32029 | Snake:1  | HP: 17/133 [mana viper[a naga ritualist] (9)]
 32030 | Snake:1  | Found Teimnur's Book Emporium.
 32030 | Snake:1  | Found Fiplottiqy's General Store.
 32030 | Snake:1  | Found Hemuetse's Antique Armour Emporium.
 32030 | Snake:1  | Found Uclifoumuo's Jewellery Shoppe.
 32033 | Snake:1  | Noticed Aizul
 32034 | Snake:1  | Received a gift from Nemelex Xobeh
 32207 | Swamp:1  | Entered Level 1 of the Swamp
 32235 | Lair:3   | HP: 17/133 [tarantella[a broodmother] (10)]
 32239 | Lair:3   | HP: 8/133 [merfolk (8)]
 32241 | Lair:3   | HP: 2/133 [jumping spider[a broodmother] (9)]
 32242 | Lair:3   | Slain by a tarantella

Illustrated notes

Levels and vault maps discovered:
D:1:      dpeg_arrival_rooms_c, layout_loops_ring, minivault_25
D:2:      layout_rooms
D:3:      layout_basic, ebering_ecumenical_altar_petrified
D:4:      layout_rooms, minmay_temple_entry_enclosed_plants,
          nicolae_elemental_shop, uniq_sigmund, uniq_natasha
D:5:      nicolae_cairo_tiling_large_dashed, layout_gridville
D:6:      layout_basic, supply_closet_lemuel, grunt_ministairs_12,
          grunt_decor_resistance, uniq_edmund
D:7:      layout_cave_pools, led_sif_book, tso_oasis_becter
D:8:      layout_basic, dpeg_oklobed_lair, minmay_misc_feat_iff, uniq_amaemon
D:9:      layout_small_grid
D:10:     kennysheep_big_flooded_room, layout_long_grid, uniq_gastronok
D:11:     layout_cave_pods, uniq_josephine
D:12:     nzn_winding_woodlands_stair_cross [nzn_winding_woodlands_5x15_zeroes,
          nzn_winding_woodlands_center_diamonds,
          nzn_winding_woodlands_5x15_crooked,
          nzn_winding_woodlands_5x5_open_star,
          nzn_winding_woodlands_5x5_default, nzn_winding_woodlands_5x15_parted,
          nzn_winding_woodlands_center_pierced_h,
          nzn_winding_woodlands_5x15_default], layout_basic, david_orc_3
D:13:     layout_layer_cave, gammafunk_ghost_cemetery,
          dreamdust_princess_bridge, uniq_lodul
D:14:     layout_roguey, lightli_vaults_fourway_checkpoint
D:15:     hangedman_depths_entry_try_elsewhere_first, layout_loops_ring,
          columned_hall_lemuel, abandoned_shop
Temple:   mainiacjoe_temple_cubbyholes
Lair:1:   layout_regular_city, grunt_megastairs_4, uniq_grum
Lair:2:   layout_roguey, nicolae_volcano_entry_batcave, serial_bayou,
          serial_bayou_ford_a, serial_bayou_pond_c, serial_bayou_shore_a,
          serial_bayou_pond_b, nicolae_lair_run_with_the_wolves
Lair:3:   layout_loops_ring, swamp_mist_pool, guppyfry_snake_entry_island,
          nicolae_quartered_pool_impasse, minivault_23,
          chequers_serial_rivers_marsh
Lair:4:   layout_misc_corridors, serial_bayou_shore_b, grunt_megastairs_5,
          infiniplex_staircase_pool_2, uniq_urug
Lair:5:   layout_long_grid, gammafunk_ghost_split,
          chequers_serial_rivers_small_3, beast_lair_carwin_8
Lair:6:   hellmonk_lair_end_abyssal_woods, layout_layer_cave,
          dpeg_slime_entry_corner
Swamp:1:  layout_basic_swamp, infiniplex_staircase_pool, swamp_pool4,
          lightli_tree_ring
Snake:1:  layout_basic, minmay_shoptagon, uniq_aizul
Orc:1:    layout_caves, basic_altar
Orc:2:    grunt_orc_tribal_feast, layout_caves, minmay_orc_barracks

Skill      XL: |  1  2  3  4  5  6  7  8  9 10 11 12 13 14 15 16 17 |
---------------+----------------------------------------------------+-----
Summonings     | 5 6 7 8 9 10 11 12 13 15 16 17 18 | 18.6
Spellcasting   | 3 4 5 6 7 8 9 10 | 10.0
Invocations    | 2 3 5 6 8 9 10 11 12 13 | 13.2
Fighting       | 2 4 5 6 8 9 10 11 | 11.8
Armour         | 2 4 5 6 8 9 |  9.7
Dodging        | 3 4 5 6 7 8 9 |  9.0
Evocations     | 1 3 4 6 7 8 9 10 | 10.5
Translocations | 3 4 |  4.0
Air Magic      | 3 4 6 7 8 9 |  9.0
Stealth        | |  1.7

Action                   |  1- 3 |  4- 6 |  7- 9 | 10-12 | 13-15 | 16-18 || total
-------------------------+-------+-------+-------+-------+-------+-------++-------
Melee: Demon whip        |       |       |       |    42 |   326 |   182 ||   550
       Punch             |       |       |       |       |     6 |     2 ||     8
Throw: Dart              |       |       |       |       |     2 |     1 ||     3
 Cast: Summon Small Mamm |    26 |     8 |     2 |     2 |       |       ||    38
       Call Imp          |    20 |    14 |    22 |     6 |       |       ||    62
       Call Canine Famil |       |    14 |    46 |    87 |    94 |    98 ||   339
       Summon Lightning  |       |       |     5 |    79 |   103 |   102 ||   289
       Apportation       |       |       |     5 |       |       |       ||     5
       Blink             |       |       |       |       |       |     2 ||     2
       Swiftness         |       |       |       |       |       |     1 ||     1
Invok: Draw Destruction  |       |       |       |     2 |    10 |    10 ||    22
       Triple Draw       |       |       |       |     1 |       |       ||     1
       Draw Summoning    |       |       |       |       |     2 |     4 ||     6
       Draw Escape       |       |       |       |       |       |     5 ||     5
       Deal Four         |       |       |       |       |       |     2 ||     2
 Abil: Hop               |     2 |     2 |     2 |    17 |    12 |    16 ||    51
Evoke: Wand              |       |       |       |     1 |     2 |       ||     3
  Use: Potion            |       |     1 |     1 |     1 |     4 |    11 ||    18
       Scroll            |       |       |       |    23 |     5 |     6 ||    34
 Stab: Distracted        |       |       |       |     1 |     7 |     6 ||    14
Armor: Robe              |    22 |    25 |    31 |    19 |       |       ||    97
       Troll leather arm |       |       |       |    46 |   189 |   112 ||   347
       Leather armour    |       |       |       |       |       |    74 ||    74
Dodge: Dodged            |    67 |    44 |    34 |   100 |   244 |   251 ||   740

Table legend: (Time is in decaauts)
 A = Elapsed time spent in this place.
 B = Non-inter-level travel time spent in this place.
 C = Inter-level travel time spent in this place.
 D = Time resting spent in this place.
 E = Time spent auto-exploring this place.
 F = Levels seen in this place.
 G = Mean time per level.
                   A        B        C        D        E       F      G
               +--------+--------+--------+--------+--------+-----+--------+
         Total |  35857 |  34095 |   1762 |   1683 |  23255 |  27 | 1328.0 |
       Dungeon |  23331 |  22146 |   1185 |    938 |  15555 |  15 | 1555.4 |
        Temple |    423 |    345 |     78 |      0 |    342 |   1 |  423.0 |
          Lair |   9030 |   8639 |    391 |    138 |   6247 |   6 | 1505.0 |
         Swamp |      8 |      8 |      0 |      0 |      0 |   1 |    8.0 |
     Snake Pit |    285 |    285 |      0 |    173 |      0 |   1 |  285.0 |
  Orcish Mines |   2182 |   2077 |    105 |    412 |    871 |   2 | 1091.0 |
       Volcano |    596 |    596 |      0 |     22 |    238 |   1 |  596.0 |
               +--------+--------+--------+--------+--------+-----+--------+

Top non-repeatable levels by time:
    D:12: 2977 daAuts
  Lair:6: 2753 daAuts
    D:11: 2081 daAuts
     D:6: 2057 daAuts
     D:1: 1847 daAuts
     D:3: 1789 daAuts
    D:13: 1773 daAuts
    D:14: 1767 daAuts
     D:8: 1654 daAuts
    D:15: 1469 daAuts
  Lair:2: 1390 daAuts
     D:9: 1366 daAuts
  Lair:5: 1318 daAuts
  Lair:4: 1295 daAuts
    D:10: 1293 daAuts
